 Dungeon Crawl Stone Soup version 0.31.0-32-g396128a36d (webtiles) character file.

Game seed: 786278288041123617

147 hawla the Firebug (level 5, 0/28 HPs)
             Began as a Deep Elf Fire Elementalist on Apr 14, 2024.
             Slain by a kobold
             ... wielding a +0 dagger of venom
              (1 damage)
             ... on level 3 of the Dungeon.
             The game lasted 00:06:39 (2762 turns).

hawla the Firebug (Deep Elf Fire Elementalist)      Turns: 2762, Time: 00:06:40

Health: 0/28       AC:  3    Str:  5    XL:     5   Next: 7%
Magic:  4/12       EV: 12    Int: 22    God:
Gold:   175        SH:  5    Dex: 15    Spells: 3/10 levels left

rFire   . . .        m - +1 short sword (venom)
rCold   . . .        (no shield)
rNeg    . . .        a - +0 robe
rPois   .            (no helmet)
rElec   .            (no cloak)
rCorr   .            (no gloves)
SInv    .            c - +0 pair of boots
Will    .....        i - amulet of reflection
Stlth   ++           (no ring)
HPRegen 0.24/turn    (no ring)
MPRegen 0.13/turn

%: reflection
@: lethally poisoned (0 -> -14), very slightly contaminated
A: no striking features
a: no special abilities


You were on level 3 of the Dungeon.
You visited 1 branch of the dungeon, and saw 3 of its levels.

You collected 175 gold pieces.

Inventory:

Hand Weapons
 m - a +1 short sword of venom (weapon)
Armour
 a - a +0 robe (worn)
 c - a +0 pair of boots (worn)
Jewellery
 i - an amulet of reflection (around neck)
Wands
 g - a wand of flame (10)
 h - a wand of mindburst (19) (quivered)
Scrolls
 j - a scroll of amnesia
 k - a scroll of teleportation
 l - 2 scrolls of enchant armour {unknown}
Potions
 b - a potion of magic
 e - 2 potions of curing
 f - a potion of mutation {unknown}


   Skills:
 - Level 2.4 Dodging
 - Level 2.4 Stealth
 + Level 3.4 Spellcasting
 * Level 2.2 Conjurations
 * Level 5.8 Fire Magic


You had 3 spell levels left.
You knew the following spells:

 Your Spells              Type           Power      Damage    Failure   Level
a - Foxfire               Conj/Fire      84%        2x1d8     2%          1
b - Scorch                Fire           58%        2d7       1%          2
c - Flame Wave            Conj/Fire      21%        2d8       22%         4

Your spell library contained the following spells:

 Spells                   Type           Power      Damage    Failure   Level
 Sting                    Conj/Alch      32%        1d5       8%          1
 Inner Flame              Hex/Fire       16%        N/A       11%         3
 Volatile Blastmotes      Fire/Tloc      32%        2d12      11%         3
 Apportation              Tloc           6%         N/A       12%         1
 Necrotise                Necr           12%        1d4       12%         1
 Summon Small Mammal      Summ           12%        N/A       12%         1
 Lesser Beckoning         Tloc           6%         N/A       19%         2
 Gell's Gravitas          Tloc           3%         N/A       34%         3
 Teleport Other           Tloc           3%         N/A       34%         3


Dungeon Overview and Level Annotations

Branches:
Dungeon (3/15)

Altars:


Message History

The stream of webbing hits you but does no damage.
You are caught in a web!
Casting: Foxfire (safe; 2% risk of failure)
Confirm with . or Enter, or press ? or * to list all spells.
Okay, then.
Casting: Flame Wave (extremely dangerous; 22% risk of failure)
Confirm with . or Enter, or press ? or * to list all spells.
Casting: Flame Wave (extremely dangerous; 22% risk of failure)
Press: ? - help, Dir - look around, f - activate You miscast Flame Wave.
You are very lightly contaminated with residual magic.
Nothing appears to happen.
The kobold completely misses you.
The ribbon worm bites you but does no damage.
Unknown command.
Unknown command.
The kobold barely misses you. The ribbon worm barely misses you.
The web tears apart.
The kobold hits you with a +0 dagger of venom.
You are poisoned.
You hit the kobold but do no damage.
The kobold is poisoned.
You feel very sick. The ribbon worm barely misses you.
The kobold hits you but does no damage.
You are more poisoned.
You barely miss the kobold.
You feel very sick.
The kobold hits you with a +0 dagger of venom.
You are more poisoned.
The ribbon worm bites you.
Saving game... please wait.
Welcome back, hawla the Deep Elf Fire Elementalist.
Press ? for a list of commands and other information.
Cast which spell? (? or * to list)
Casting: Flame Wave (extremely dangerous; 22% risk of failure)
Press: ? - help, Dir - look around, f - activate You miscast Flame Wave.
You feel a strange surge of energy!
* * * LOW HITPOINT WARNING * * *
x2 You feel very sick.
You kill the ribbon worm!
The kobold hits you with a +0 dagger of venom.
You die...

#################
##....K..........###
.......@.......#...#
.....##'##.....###.####
..8 #...##.8..# #....#
. #.....##...# ####.#
#....#####..# #.#
#....## ##.# #.#
#...^.#. #.## ##.#
#.._..#. #..# ##..##
#..# #....#


You could see a kobold (very poisoned).

Vanquished Creatures
  Ijyb (D:2)
  4 adders (D:2)
  A dart slug (D:1)
  A ribbon worm (D:3)
  4 orcs (D:3)
  5 ball pythons
  12 endoplasms
  12 goblins
  2 hobgoblins (D:3)
  8 quokkas
  5 bats
  4 frilled lizards
  8 kobolds
  8 rats
75 creatures vanquished.

Vanquished Creatures (others)
  124 foxfires
124 creatures vanquished.

Grand Total: 199 creatures vanquished

Notes
Turn   | Place    | Note
-------+----------+-------------------------------------------
     0 | D:1      | hawla the Deep Elf Fire Elementalist began the quest for
                  | the Orb.
     0 | D:1      | Reached XP level 1. HP: 10/10 MP: 6/6
   265 | D:1      | Reached skill level 4 in Fire Magic
   265 | D:1      | Reached XP level 2. HP: 14/15 MP: 5/8
   701 | D:1      | Learned a level 2 spell: Scorch
   835 | D:1      | Reached XP level 3. HP: 19/19 MP: 4/9
  1535 | D:2      | Reached skill level 5 in Fire Magic
  1674 | D:2      | Found a faded altar of an unknown god.
  1762 | D:2      | Reached XP level 4. HP: 16/24 MP: 2/10
  1767 | D:2      | Learned a level 4 spell: Flame Wave
  1969 | D:2      | Noticed Ijyb
  1978 | D:2      | Killed Ijyb
  2646 | D:3      | Reached XP level 5. HP: 28/28 MP: 7/12
  2753 | D:3      | Found a faded altar of an unknown god.
  2762 | D:3      | HP: 1/28 [poisoned by a kobold]
  2762 | D:3      | Slain by a kobold

Illustrated notes

Levels and vault maps discovered:
D:1:      onia_arrival_mini_maze, layout_loops_corners,
          chequers_serial_rivers_micro_b
D:2:      kennysheep_the_goblin_king, layout_basic,
          chequers_ecumenical_altar_simple, kennysheep_minor_cross
D:3:      layout_rooms, gammafunk_temple_overflow_statue,
          nicolae_overflow_ecumenical_swirl

Skill      XL: |  1  2  3  4 |
---------------+-------------+-----
Fire Magic     | 4 5 |  5.8
Conjurations   | 2 |  2.2
Dodging        | |  2.4
Stealth        | |  2.4
Spellcasting   | |  3.4

Action                     |  1- 3 |  4- 6 || total
---------------------------+-------+-------++-------
  Melee: Unarmed           |    18 |       ||    18
         Punch             |     1 |       ||     1
         Short sword       |       |    10 ||    10
   Cast: Foxfire           |    58 |    12 ||    70
         Scorch            |    12 |     9 ||    21
         Flame Wave        |       |     2 ||     2
    Use: Scroll            |     1 |     2 ||     3
 Armour: Robe              |    19 |    10 ||    29
  Dodge: Dodged            |    24 |    15 ||    39
  Block: Other             |       |     2 ||     2
         Reflection        |       |     1 ||     1
